Map: King Sejong Station LE

Players

ShoWTimE - Winner!

  • Race: Protoss Protoss

HeroMarine

  • Race: Terran Terran

Event: 2016 WCS Summer Circuit Championship (DH Montreal)

VOD

https://www.youtube.com/watch?v=jEqXakgQTFE

Description

Time

  • Played on: Aug. 12, 2016, 1:16 p.m.
  • Length: 15:49

All games in this series

Show
View Real Time Build Order
Export as new Build Order

ShoWTimE Protoss - Winner!

Build Orders:  

Get SALT Encoding   

  12  0:00  Probe (Chrono Boost)  
  13  0:11  Probe (Chrono Boost)  
  14  0:17  Pylon  
  14  0:22  Probe (Chrono Boost)  
  16  0:35  Probe (Chrono Boost), Gateway  
  16  0:41  Assimilator  
  16  0:46  Probe (Chrono Boost)  
  17  0:50  Assimilator  
  17  0:56  Probe (Chrono Boost)  
  18  1:07  Probe (Chrono Boost)  
  19  1:17  Probe (Chrono Boost)  
  20  1:22  Cybernetics Core  
  20  1:28  Probe (Chrono Boost)  
  20  1:32  Pylon  
  21  1:38  Probe (Chrono Boost)  
  22  1:49  Probe (Chrono Boost)  
  23  2:00  Warp Gate, Mothership Core (Chrono Boost)  
  27  2:05  Robotics Facility  
  25  2:26  Nexus  
  25  2:37  Pylon  
  25  2:53  Observer  
  25  2:55  Robotics Bay  
  26  3:05  Gateway  
  26  3:06  Gateway  
  27  3:14  Warp Prism  
  28  3:25  Probe (Chrono Boost)  
  29  3:36  Gravitic Drive  
  29  3:38  Probe (Chrono Boost)  
  30  3:43  Probe (Chrono Boost)  
  30  3:46  Disruptor  
  31  3:50  Probe (Chrono Boost)  
  36  3:56  Probe (Chrono Boost)  
  36  3:58  Pylon  
  38  4:10  Probe x2 (Chrono Boost)  
  38  4:17  Disruptor  
  38  4:21  Pylon  
  43  4:30  Adept x3  
  47  4:35  Pylon  
  46  4:41  Probe (Chrono Boost)  
  46  4:42  Probe (Chrono Boost)  
  48  4:52  Probe (Chrono Boost), Pylon  
  50  4:53  Probe (Chrono Boost)  
  50  5:02  Twilight Council  
  50  5:03  Probe x2 (Chrono Boost)  
  52  5:14  Probe x2 (Chrono Boost)  
  54  5:20  Assimilator  
  53  5:23  Assimilator  
  53  5:24  Probe x2 (Chrono Boost)  
  53  5:26  Blink  
  55  5:30  Observer, Stalker x2  
  55  5:35  Probe x2 (Chrono Boost)  
  62  5:40  Pylon  
  62  5:45  Probe (Chrono Boost)  
  62  5:47  Probe (Chrono Boost)  
  64  5:56  Probe (Chrono Boost)  
  65  5:59  Gateway  
  65  6:00  Gateway  
  65  6:05  Gateway  
  65  6:12  Stalker  
  65  6:15  Stalker  
  69  6:28  Stalker  
  69  6:30  Pylon  
  71  6:41  Gateway  
  71  6:45  Stalker x2  
  75  6:56  Stalker  
  77  7:01  Stalker x2  
  77  7:02  Stalker  
  83  7:15  Nexus  
  83  7:18  Stalker x2, Pylon  
  87  7:29  Stalker  
  89  7:30  Stalker x2  
  89  7:34  Pylon  
  83  7:51  Resonating Glaives  
  83  7:56  Probe (Chrono Boost)  
  83  7:57  Probe (Chrono Boost)  
  81  8:03  Stalker x3  
  81  8:04  Forge, Stalker  
  89  8:07  Probe (Chrono Boost)  
  89  8:09  Probe (Chrono Boost)  
  91  8:18  Probe (Chrono Boost)  
  92  8:23  Probe (Chrono Boost), Protoss Ground Armor Level 1  
  91  8:28  Probe (Chrono Boost)  
  92  8:36  Probe x2 (Chrono Boost), Sentry x3  
  92  8:38  Templar Archives  
  92  8:39  Probe (Chrono Boost)  
  100  8:44  Adept, Gateway  
  100  8:47  Observer  
  103  8:50  Adept x2  
  107  8:56  Probe (Chrono Boost)  
  107  8:57  Probe (Chrono Boost)  
  109  9:06  Stalker x3  
  109  9:09  Probe (Chrono Boost)  
  117  9:10  Probe (Chrono Boost)  
  117  9:11  Pylon  
  115  9:18  Assimilator  
  115  9:19  Probe (Chrono Boost)  
  115  9:24  Assimilator  
  116  9:31  High Templar x2  
  120  9:37  Probe (Chrono Boost)  
  122  9:38  Probe (Chrono Boost)  
  122  9:39  Pylon  
  122  9:46  Archon  
  122  9:47  Adept, High Templar x2  
  122  9:48  Adept x2  
  122  9:52  Archon  
  132  9:55  Pylon  
  132  9:57  Immortal  
  134  10:01  Pylon  
  134  10:03  Protoss Ground Weapons Level 1  
  132  10:07  Adept x3  
  132  10:08  Adept  
  132  10:13  Pylon  
  140  10:15  Pylon  
  140  10:25  Adept x3  
  126  10:38  Adept x3  
  116  10:45  Probe (Chrono Boost)  
  116  10:46  Probe (Chrono Boost)  
  118  10:53  Adept x3  
  124  10:59  Adept x3  
  130  11:05  Stalker x2  
  134  11:19  Immortal  
  134  11:23  Adept x2, High Templar x4  
  150  11:28  Archon x2  
  150  11:31  Nexus  
  150  11:39  Adept x2  
  150  11:42  Pylon x2  
  150  11:45  Pylon  
  150  11:50  Adept x2  
  154  11:56  Pylon  
  154  12:06  Adept, Stalker  
  154  12:07  Stalker x3  
  154  12:08  Stalker  
  148  12:17  Probe (Chrono Boost)  
  148  12:19  Probe (Chrono Boost)  
  148  12:21  Stalker  
  152  12:29  Pylon  
  152  12:34  Stalker x5  
  152  12:35  Stalker  
  137  12:44  Protoss Ground Weapons Level 2  
  137  12:48  Immortal  
  141  12:55  Adept x2  
  145  13:06  Probe (Chrono Boost)  
  145  13:07  Probe (Chrono Boost), Dark Shrine  
  145  13:09  Sentry, Stalker x3  
  145  13:10  Stalker x2  
  159  13:20  Stargate  
  159  13:22  Probe (Chrono Boost), Assimilator  
  159  13:23  Probe (Chrono Boost), Assimilator  
  161  13:29  Disruptor  
  164  13:42  Adept x2  
  164  13:43  Adept x2  
  172  14:01  Pylon  
  169  14:03  Adept x4  
  169  14:04  Adept  
  169  14:09  Disruptor  
  178  14:23  Dark Templar x2  
  168  14:27  Adept x3  
  168  14:28  Adept x3  
  172  14:49  Adept x4  
  172  14:50  Dark Templar, Adept  
  176  14:56  Immortal  
  176  14:58  Adept x2  
  158  15:09  Adept x2  
  158  15:10  Adept x2  
  166  15:16  Adept  
  162  15:27  Adept x3  
  162  15:28  Stalker  
  164  15:41  Adept x3  
Show
View Real Time Build Order
Export as new Build Order

HeroMarine Terran 

Build Orders: MMM Bio 

Get SALT Encoding   

  12  0:00  SCV  
  13  0:13  SCV  
  14  0:17  Supply Depot  
  14  0:25  SCV  
  15  0:39  SCV  
  15  0:40  Barracks  
  16  0:45  Refinery  
  16  0:51  SCV  
  17  1:03  SCV  
  18  1:15  SCV  
  19  1:27  Marine, Orbital Command  
  20  1:39  Command Center  
  20  1:50  Factory  
  20  1:53  SCV  
  21  2:00  Refinery  
  21  2:05  SCV  
  21  2:06  Barracks Reactor  
  22  2:12  Supply Depot  
  22  2:18  SCV  
  23  2:34  Widow Mine, SCV  
  26  2:39  Starport  
  26  2:42  Marine x2  
  28  2:46  SCV  
  29  2:53  Bunker  
  29  3:00  Marine x2  
  29  3:02  Widow Mine, SCV  
  34  3:09  Orbital Command  
  34  3:15  SCV  
  34  3:18  Medivac  
  37  3:20  Marine  
  40  3:27  SCV  
  40  3:33  Marine  
  40  3:34  Factory Tech Lab  
  40  3:36  SCV  
  40  3:38  Marine  
  40  3:39  SCV  
  43  3:49  SCV  
  43  3:51  Marine, SCV  
  46  3:59  Supply Depot  
  46  4:04  Cyclone, Marine, SCV x2  
  46  4:06  Engineering Bay  
  53  4:14  Marine  
  54  4:21  Viking, SCV x2  
  54  4:22  Marine  
  59  4:29  Supply Depot  
  59  4:33  SCV x2  
  59  4:37  Marine  
  62  4:43  Missile Turret, Supply Depot  
  62  4:46  Marine  
  62  4:47  Siege Tank, SCV x2  
  62  4:57  Missile Turret  
  62  4:59  SCV x2  
  64  5:05  Marine, Barracks  
  65  5:11  SCV x2  
  67  5:17  Marine  
  54  5:23  Marine, SCV x2  
  57  5:35  Marine, SCV x2  
  60  5:41  Siege Tank  
  63  5:43  Liberator, Marine  
  63  5:47  SCV x2  
  66  5:53  Marine  
  67  5:58  Starport Tech Lab  
  67  5:59  SCV  
  67  6:00  Barracks Tech Lab  
  67  6:01  Marine  
  67  6:03  SCV  
  73  6:10  Marine  
  74  6:11  SCV  
  74  6:15  SCV  
  76  6:19  Marine  
  76  6:23  SCV  
  71  6:27  Marine, Stimpack  
  71  6:28  Marine, Siege Tank, SCV  
  71  6:31  Supply Depot  
  77  6:35  Supply Depot  
  77  6:36  SCV  
  78  6:47  Starport Reactor  
  78  6:52  Marine x2  
  78  6:53  SCV x2  
  82  6:56  Terran Infantry Weapons Level 1  
  82  6:57  Supply Depot  
  82  6:58  Refinery  
  82  6:59  Marine  
  83  7:05  SCV x2  
  85  7:10  Marine x2  
  85  7:12  Siege Tank  
  85  7:15  Barracks  
  90  7:17  SCV x2  
  90  7:19  Supply Depot, Marine  
  93  7:28  Marine x2  
  93  7:29  SCV x2  
  97  7:33  Medivac  
  99  7:37  Marine  
  99  7:38  Refinery  
  99  7:41  SCV x2  
  102  7:46  Marine  
  102  7:49  Marine  
  96  7:55  Marine  
  96  7:57  Siege Tank  
  98  8:04  Barracks Tech Lab  
  96  8:06  Barracks, Medivac  
  96  8:07  Barracks  
  96  8:09  Marine  
  99  8:14  Supply Depot  
  99  8:15  Marine  
  95  8:22  Marauder  
  95  8:29  Marine x2  
  94  8:38  Marine  
  94  8:40  Medivac x2  
  99  8:42  Siege Tank  
  99  8:44  Supply Depot, Marauder  
  99  8:46  Marine  
  105  8:53  Combat Shields  
  105  8:55  Marauder  
  107  8:56  Barracks Tech Lab  
  107  8:58  Marine  
  107  9:00  Barracks Reactor  
  108  9:07  Supply Depot  
  108  9:08  Marauder  
  108  9:09  Supply Depot  
  110  9:11  Marine  
  110  9:15  Marine  
  109  9:17  Marauder  
  109  9:18  Marine  
  112  9:27  SCV x2  
  112  9:28  Marine  
  112  9:30  Marauder  
  114  9:33  Marine  
  114  9:36  Marine x3  
  114  9:38  Siege Tank  
  121  9:39  Marauder  
  123  9:50  Marine  
  123  9:51  Marauder  
  123  9:52  Marauder  
  128  9:53  Marine  
  128  9:54  Marine  
  128  9:55  Marine  
  130  10:00  Marauder  
  132  10:08  Marine  
  132  10:11  Marine  
  132  10:13  Marauder x2  
  138  10:19  Marine  
  136  10:21  Marauder  
  136  10:27  Liberator  
  136  10:28  Liberator  
  137  10:33  Marine x2  
  137  10:34  Marauder x2  
  130  10:41  Marine x2  
  119  10:43  Marauder  
  121  10:51  Marine x2  
  121  10:55  Marauder  
  121  10:56  Marauder  
  127  10:59  Marine x2  
  127  11:04  Marine  
  129  11:07  Siege Tank  
  133  11:16  Marine x2  
  133  11:17  Marine, Marauder x2  
  138  11:26  Marauder  
  138  11:29  Marine  
  138  11:30  Liberator  
  137  11:34  Marine  
  137  11:38  Marauder  
  137  11:39  Marine x2  
  142  11:44  Liberator  
  142  11:47  Marine  
  142  11:48  Marauder  
  150  12:05  Marine x2  
  150  12:08  Marauder  
  128  12:10  Marine x2  
  128  12:13  Liberator  
  130  12:26  Marine, Marauder  
  130  12:27  Marine, Marauder  
  139  12:40  Liberator, Orbital Command  
  139  12:41  Marine x2, Marauder  
  122  12:44  Marine x2  
  122  12:47  Marine  
  124  13:06  Siege Tank  
  124  13:07  Liberator  
  124  13:09  Marine x2  
  129  13:16  Missile Turret  
  129  13:25  Marauder  
  136  13:27  Marauder  
  136  13:33  Marine, Marauder  
  136  13:34  Refinery  
  138  13:37  Supply Depot  
  138  13:41  Siege Tank  
  139  13:47  Marauder  
  139  13:48  Marine x2  
  143  13:50  Concussive Shells  
  143  13:53  Marauder  
  144  14:01  Marauder  
  144  14:05  Marine  
  144  14:08  Marauder  
  148  14:14  Marauder  
  148  14:15  Marine  
  144  14:22  Marauder  
  138  14:26  Marine x2  
  138  14:30  Marauder  
  142  14:32  Marine x2  
  142  14:37  Marauder  
  137  14:43  Marine  
  137  14:45  Marine  
  136  14:49  Marine  
  136  14:50  Marine  
  136  14:51  Marauder  
  140  14:59  Marine, Marauder  
  123  15:01  Marine  
  105  15:07  Marine  
  105  15:08  Marine  
  107  15:15  SCV x2  
  107  15:17  Marine  
  107  15:19  Barracks, Marauder  
  107  15:20  Barracks, Marauder  
  110  15:25  Marine  
  110  15:26  Marine  
  110  15:27  Supply Depot x2  
Tags
 
Add a new tag
Caveats
  • Supply blocks, unpowered buildings, or Contaminate may cause inaccurate times.
  • Supply counts are checked every 10 seconds.